 Dungeon Crawl Stone Soup version 0.31-a0-1059-g83d41fd (webtiles) character file.

16481 blake the Thaumaturge (level 12, 0/67 HPs)
             Began as a High Elf Conjurer on Oct 5, 2015.
             Was a Priest of Vehumet.
             Slain by an ice devil (4 damage)
             ... in an ice cave on Nov 21, 2023.
             The game lasted 01:53:52 (14767 turns).

blake the Thaumaturge (High Elf Conjurer)          Turns: 14767, Time: 01:53:53

Health: 0/67       AC: 19    Str:  8    XL:     12   Next: 10%
Magic:  2/36       EV: 13    Int: 30    God:    Vehumet [***...]
Gold:   419        SH:  0    Dex: 20    Spells: 2/32 levels left

rFire   . . .        Q - staff of removedness
rCold   + + .        (no shield)
rNeg    . . .        P - +7 ring mail "Mojeydeux" {Str-2 Int+6}
rPois   .            w - +2 helmet of Yxarpheti {rC+ Will++ Dex+4}
rElec   .            c - +1 cloak
rCorr   .            a - +1 pair of gloves {Str+3}
SInv    .            (no boots)
Will    +++..        v - amulet of gourmand
Stlth   ++           B - ring of magical power
HPRegen 0.31/turn    G - ring of protection from cold
MPRegen 0.25/turn

%: no passive effects
@: no status effects
A: no striking features
a: Renounce Religion


You were in an ice cave.
You worshipped Vehumet.
Vehumet was most pleased with you.
You visited 3 branches of the dungeon, and saw 14 of its levels.
You also visited: Ice Cave.

You collected 647 gold pieces.
You spent 228 gold pieces at shops.

Inventory:

Hand Weapons
 r - a +1 dagger of speed
Missiles
 j - a throwing net
Armour
 a - a +1 pair of gloves of strength (worn)
 c - a +1 cloak (worn)
 w - the +2 helmet of Yxarpheti (worn) {rC+ Will++ Dex+4}
   (You bought it in a shop on level 5 of the Dungeon)

   Dex+4:     It affects your dexterity (+4).
   rC+:       It protects you from cold.
   Will++:    It greatly increases your willpower.
 P - the +7 ring mail "Mojeydeux" (worn) {Str-2 Int+6}
   (You found it on level 8 of the Dungeon)

   Str-2:     It affects your strength (-2).
   Int+6:     It affects your intelligence (+6).
Magical Staves
 Q - a staff of removedness (weapon)
Jewellery
 d - an amulet of guardian spirit
 v - an amulet of gourmand (around neck)
 B - a ring of magical power (left hand)
 C - a ring of positive energy
 D - a ring of poison resistance
 G - a ring of protection from cold (right hand)
Wands
 f - a wand of digging (26)
 O - a wand of digging (16)
Scrolls
 e - 2 scrolls of enchant armour
 i - 4 scrolls of amnesia
 p - a scroll of enchant weapon
 q - 2 scrolls of blinking
 y - a scroll of fear
 F - 3 scrolls of fog
 I - a scroll of immolation
 K - a scroll of teleportation
 R - a scroll of holy word
Potions
 b - a potion of attraction
 g - a potion of enlightenment
 h - 2 potions of haste
 n - 3 potions of heal wounds
 o - a potion of cancellation
 t - a potion of lignification
 u - a potion of curing
 z - a potion of ambrosia
 J - 2 potions of invisibility
 L - a potion of might
 M - a potion of mutation


   Skills:
 - Level 0.4 Fighting
 + Level 1.3 Long Blades
 - Level 2.7 Armour
 - Level 5.7 Dodging
 - Level 4.5 Stealth
 - Level 10.8 Spellcasting
 - Level 10.6 Conjurations
 - Level 4.5 Hexes
 * Level 5.3 Necromancy
 * Level 9.1 Earth Magic


You had 2 spell levels left.
You knew the following spells:

 Your Spells              Type           Power      Damage    Failure   Level
a - Magic Dart            Conj           100%       1d8       1%          1
b - Searing Ray           Conj           100%       2d8       1%          2
c - Dazzling Flash        Conj/Hex       100%       N/A       1%          3
d - Iskenderun's Mystic   Conj/Tloc      48%        2d11      3%          4
e - Tukima's Dance        Hex            43%        N/A       4%          3
f - Ensorcelled Hibernat  Hex/Ice        58%        N/A       5%          2
g - Confusing Touch       Hex            43%        N/A       4%          3
h - Animate Dead          Necr           48%        N/A       10%         4
i - Stone Arrow           Conj/Erth      100%       3d13      1%          3
j - Borgnjor's Vile Clut  Necr/Erth      28%        N/A       13%         5

Your spell library contained the following spells:

 Spells                   Type           Power      Damage    Failure   Level
 Sticky Flame             Conj/Fire      48%        2d7       3%          4
 Corona                   Hex            43%        N/A       1%          1
 Sandblast                Erth           100%       2d20      1%          1
 Passwall                 Tmut/Erth      35%        N/A       2%          2
 Fulminant Prism          Conj/Hex       28%        3d14      1%          4
 Lee's Rapid Deconstruct  Erth           31%        3d16*     1%          5
 Volatile Blastmotes      Fire/Tloc      32%        2d12      8%          3
 Petrify                  Tmut/Erth      43%        N/A       14%         4
 Death Channel            Necr           24%        N/A       83%         6
 Simulacrum               Ice/Necr       16%        N/A       99%         6


Dungeon Overview and Level Annotations

Branches:
Dungeon (11/15)            Temple (1/1) D:7            Lair (2/8) D:11
    Orc (0/4) D:9           IceCv (1/1)
  Swamp: Lair:2-3    Shoals: Lair:2-3     Snake: Lair:2-3    Spider: Lair:2-3

Altars:
Cheibriados
Dithmenos
Elyvilon
Fedhas
Gozag
Kikubaaqudgha
Makhleb
Nemelex Xobeh
Okawaru
Qazlal
Ru
Trog
Vehumet
Xom
Yredelemnul
Zin
The Shining One

Shops:
D:5 [   D:7 :   D:9 [   D:10 :

Annotations:
D:11 3 runed translucent doors, Temauhi's ghost, journeyman DERe IceCv exclusion: ice statue


Message History

Press: ? - help, Shift-Dir - straight line, f/p - ice devil
Aim: an ice devil (severely wounded, 100% to hit)
The magic dart hits the ice devil but does no damage.
The ice devil is severely wounded.
The ice devil closely misses you.
Casting: Magic Dart (safe; 1% risk of failure)
Confirm with . or Enter, or press ? or * to list all spells.
Aiming: Magic Dart (safe; 1% risk of failure)
Press: ? - help, Shift-Dir - straight line, f/p - ice devil
Aim: an ice devil (severely wounded, 100% to hit)
The magic dart hits the ice devil but does no damage.
The ice devil is severely wounded.
The ice devil barely misses you.
As you read the scroll labelled ILIOTIR UFUODGHOAL, it crumbles to dust.
You feel strangely unstable.
It was a scroll of teleportation.
The ice devil barely misses you.
You hit the ice devil but do no damage.
The ice devil is severely wounded.
The ice devil hits you but does no damage.
The ice devil barely misses you.
You hit the ice devil but do no damage. Your punch misses the ice devil.
The ice devil is severely wounded.
Your surroundings suddenly seem different.
A cane toad simulacrum, a wolf simulacrum, an ice devil and an ice statue come into view.
The wolf simulacrum bites you but does no damage.
The wolf simulacrum bites you.
* * * LOW HITPOINT WARNING * * *
The wolf simulacrum freezes you. You resist.
* * * LOW HITPOINT WARNING * * *
Marking area around an ice statue as unsafe for travelling.
Okay, then.
Blink to where?
Press: ? - help, Dir - move target A necromancer, 3 ice devils, a cane toad simulacrum and a wolf simulacrum come into view.
Found five items.
As you read the scroll of blinking, it crumbles to dust.
The ice devil hits you!
* * * LOW HITPOINT WARNING * * *
The ice devil freezes you. You resist.
You die...

#### ##..#
#Z.ยง#
##.Z....#
#4.##....#
#@.$##.....
#.4!:#.8....#
+4p?)#......#
#..$##..^.#..
#4Z## ...##.#
##.. #Z #. #


You could see 4 ice devils, a necromancer (asleep), 2 wolf simulacra and 2 cane
toad simulacra.

Vanquished Creatures
  A fire dragon (D:10)
  A hydra (D:8)
  A boulder beetle (D:11)
  Pikel (D:6)
  A black mamba (Lair:2)
  An elephant (D:11)
  5 cane toads
  A komodo dragon (Lair:1)
  2 freezing wraiths (IceCv)
  4 ice devils
  A polar bear (Lair:1)
  Grinder (D:3)
  The ghost of Espgualade the Skirmisher, an amateur TeIE (D:4)
  A shadow (D:10)
  2 wyverns
  16 yaks
  A removed trapdoor spider (D:7)
  2 removed hippogriffs (D:7)
  2 basilisks (Lair:1)
  2 death yak simulacra (IceCv)
  3 vampire mosquitoes (D:11)
  A removed hungry ghost (D:7)
  A harpy simulacrum (IceCv)
  A hydra simulacrum (IceCv)
  10 orc warriors
  5 water moccasins
  3 black bears
  3 ice beasts
  2 sky beasts
  4 ogres
  2 centaurs (D:8)
  A removed slave (D:6)
  3 kobold brigands (D:8)
  5 bullfrogs
  2 cane toad simulacra (IceCv)
  2 two-headed ogre simulacra (IceCv)
  A gnoll sergeant (D:10)
  A water moccasin zombie (D:7)
  3 scorpions
  2 elephant simulacra (IceCv)
  2 wights (D:6)
  4 electric eels (D:10)
  2 howler monkeys (D:11)
  A crimson imp (D:9)
  A jelly (D:8)
  2 hounds
  A bullfrog skeleton (D:4)
  2 centaur skeletons
  8 orc priests
  2 iguanas
  9 orc wizards
  A troll simulacrum (IceCv)
  5 removed worker ants
  2 removed sheep (D:8)
  3 wolf simulacra (IceCv)
  A killer bee zombie (D:8)
  A mummy (D:7)
  A hound skeleton (D:4)
  Robin (D:2)
  10 adders
  9 gnolls
  A naga simulacrum (IceCv)
  A shadow imp (D:7)
  2 ufetubi (IceCv)
  2 endoplasms (D:2)
  2 worms
  46 orcs
  21 goblins
  8 hobgoblins
  10 jackals
  7 kobolds
  A quokka (D:2)
  13 bats
  5 frilled lizards
  7 giant cockroaches
  A quokka skeleton (D:5)
  9 rats
  5 removed leopard geckos
  A removed leopard gecko skeleton (D:5)
312 creatures vanquished.

Vanquished Creatures (collateral kills)
  A wight (D:6)
1 creature vanquished.

Grand Total: 313 creatures vanquished

Notes
Turn   | Place    | Note
-------+----------+-------------------------------------------
     0 | D:1      | blake the High Elf Conjurer began the quest for the Orb.
     0 | D:1      | Reached XP level 1. HP: 11/11 MP: 4/4
   137 | D:1      | Reached XP level 2. HP: 7/17 MP: 0/6
   631 | D:2      | Reached skill level 5 in Conjurations
   689 | D:2      | Learned a level 2 spell: Searing Ray
   800 | D:2      | Reached XP level 3. HP: 18/21 MP: 4/8
   846 | D:2      | Noticed Robin
   936 | D:2      | Killed Robin
  1127 | D:2      | Found a basalt altar of Yredelemnul.
  1136 | D:2      | Reached XP level 4. HP: 15/27 MP: 3/9
  1661 | D:2      | Found a stormy altar of Qazlal.
  1903 | D:3      | Reached XP level 5. HP: 31/31 MP: 2/11
  2244 | D:3      | Learned a level 3 spell: Dazzling Flash
  2249 | D:3      | Learned a level 4 spell: Iskenderun's Mystic Blast
  2687 | D:3      | Noticed Grinder
  2831 | D:4      | Reached XP level 6. HP: 37/37 MP: 6/13
  3024 | D:4      | Noticed Espgualade's ghost (amateur TeIE)
  3125 | D:3      | Paralysed by Grinder for 5 turns
  3136 | D:3      | Paralysed by Grinder for 5 turns
  3539 | D:4      | Reached skill level 5 in Spellcasting
  3600 | D:4      | Killed Espgualade's ghost
  3600 | D:4      | Reached XP level 7. HP: 9/42 MP: 3/16
  4069 | D:5      | Entered Level 5 of the Dungeon
  4268 | D:3      | Paralysed by Grinder for 6 turns
  4280 | D:3      | Killed Grinder
  4396 | D:5      | Learned a level 3 spell: Tukima's Dance
  4399 | D:5      | Learned a level 2 spell: Ensorcelled Hibernation
  4570 | D:5      | Found Uho Pan's Antique Armour Shop.
  5155 | D:5      | Reached XP level 8. HP: 40/47 MP: 9/19
  5179 | D:5      | Found a glowing silver altar of Zin.
  5612 | D:6      | Reached skill level 1 in Hexes
  5820 | D:6      | Found a glowing golden altar of the Shining One.
  5906 | D:6      | Noticed Pikel
  5915 | D:6      | Killed Pikel
  6344 | D:6      | Learned a level 3 spell: Confuse
  6457 | D:7      | Found Ganezef's Book Shoppe.
  6475 | D:7      | Reached XP level 9. HP: 49/52 MP: 21/22
  6526 | D:7      | Learned a level 4 spell: Animate Dead
  6548 | D:7      | Found a snail-covered altar of Cheibriados.
  6576 | D:7      | Reached skill level 1 in Necromancy
  6827 | D:7      | Learned a level 3 spell: Stone Arrow
  6949 | D:7      | Found a staircase to the Ecumenical Temple.
  6996 | Temple   | Entered the Ecumenical Temple
  7182 | Temple   | Became a worshipper of Vehumet
  7529 | D:8      | Got a smoking ring mail
  7530 | D:8      | Identified the +7 ring mail "Mojeydeux" {Str-2 Int+6} (You
                  | found it on level 8 of the Dungeon)
  7635 | D:8      | Reached skill level 5 in Dodging
  7864 | D:8      | Found a sacrificial altar of Ru.
  8039 | D:8      | Reached skill level 10 in Conjurations
  8175 | D:8      | Reached skill level 10 in Spellcasting
  8175 | D:8      | Reached XP level 10. HP: 46/57 MP: 24/25
  8184 | D:8      | Reached piety under Vehumet
  8184 | D:8      | Offered knowledge of Sting by Vehumet.
  8186 | D:8      | Reached skill level 1 in Armour
  8225 | D:8      | Noticed a three-headed hydra
  8252 | D:9      | Found Kazuwn's Antique Armour Shop.
  8300 | D:9      | Found a roughly hewn altar of Beogh.
  8300 | D:9      | Found a staircase to the Orcish Mines.
  8328 | D:8      | Killed a three-headed hydra
  8499 | D:5      | Bought a blackened helmet for 228 gold pieces
  8500 | D:5      | Identified the +2 helmet of Yxarpheti {rC+ MR++ Dex+4} (You
                  | bought it in a shop on level 5 of the Dungeon)
  9394 | D:9      | Upgraded the game from 0.17-a0-1979-g1c74939 to
                  | 0.19-a0-714-g149a522
  9394 | D:9      | Upgraded the game from 0.26-a0-663-g36e8fdb to
                  | 0.28-a0-1213-g0243856
  9394 | D:9      | Upgraded the game from 0.28-a0-1213-g0243856 to
                  | 0.31-a0-1059-g83d41fd
  9565 | D:9      | Reached skill level 1 in Long Blades
  9567 | D:9      | Reached ** piety under Vehumet
  9567 | D:9      | Offered knowledge of Static Discharge by Vehumet.
  9684 | D:9      | Reached skill level 1 in Earth Magic
  9986 | D:10     | Entered Level 10 of the Dungeon
 10284 | D:10     | Found Teghayry's Book Emporium.
 10512 | D:10     | Noticed a fire dragon
 10555 | D:10     | Learned a level 5 spell: Borgnjor's Vile Clutch
 10867 | D:10     | Offered knowledge of Ignite Poison by Vehumet.
 11338 | D:10     | Killed a fire dragon
 11696 | D:11     | Noticed a boulder beetle
 11717 | D:11     | Killed a boulder beetle
 11718 | D:11     | Reached XP level 11. HP: 30/62 MP: 16/26
 12083 | D:11     | Found a staircase to the Lair.
 12503 | D:11     | Found a runed translucent gate.
 12503 | D:11     | Found a runed translucent gate.
 12503 | D:11     | Found a runed translucent gate.
 12508 | D:11     | Noticed Temauhi's ghost (journeyman DERe)
 12541 | Lair:1   | Entered Level 1 of the Lair of Beasts
 12578 | Lair:1   | Reached skill level 5 in Earth Magic
 12984 | Lair:1   | Reached *** piety under Vehumet
 13493 | Lair:1   | Reached skill level 5 in Necromancy
 14229 | Lair:2   | Found a frozen archway.
 14238 | IceCv    | Entered an ice cave
 14394 | IceCv    | Offered knowledge of Sticky Flame by Vehumet.
 14404 | IceCv    | Reached XP level 12. HP: 67/67 MP: 21/27
 14767 | IceCv    | Slain by an ice devil

Illustrated notes

Levels and vault maps discovered:
D:1:      lightli_arrival_maybe_door_vault
D:2:      yredelemnul_altar_generic, grunt_qazlal_clouds, uniq_robin
D:3:      hangedman_decor_push, uniq_grinder
D:5:      lemuel_round_altar, first_bread, serial_shops, shop
D:6:      tso_altar, uniq_pikel
D:7:      slow_altar_1, minmay_temple_entry_grid, serial_shops,
          nicolae_shop_temple_entry_statues_fountains, interstate_on_off
D:8:      lemuel_crystal_altar, serial_curves, eino_curves_02, eino_curves_02,
          hangedman_ranch
D:9:      david_orc_5, serial_shops, nicolae_shop_statue_plus,
          hangedman_decor_peaks_small, serial_park_tiny_2
D:10:     dragon1_lemuel, layout_basic, serial_shops, shop
D:11:     layout_rooms, david_lair_generic, gammafunk_ghost_spectres
Temple:   minmay_temple_curvy_14
Lair:1:   layout_loops_ring, nicolae_quartered_pool_impasse
Lair:2:   minmay_lair_oklob_chamber, layout_cave_pods,
          portal_ice_cave_demonic_guard, hangedman_lair_generics_rect
IceCv:    ice_cave_small_necro

Skill      XL: |  1  2  3  4  5  6  7  8  9 10 11 12 |
---------------+-------------------------------------+-----
Conjurations   | 5 6 7 8 10 | 10.6
Spellcasting   | 5 10 | 10.8
Hexes          | 1 |  4.5
Necromancy     | 1 4 5 |  5.3
Dodging        | 5 |  5.7
Armour         | 1 |  2.7
Long Blades    | 1 |  1.3
Earth Magic    | 3 8 9 |  9.1
Fighting       | |  0.4
Stealth        | |  4.5

Action                     |  1- 3 |  4- 6 |  7- 9 | 10-12 || total
---------------------------+-------+-------+-------+-------++-------
  Melee: Unarmed           |    21 |       |       |       ||    21
         Staff             |       |       |       |     3 ||     3
   Cast: Magic Dart        |    58 |   150 |   188 |    56 ||   452
         Searing Ray       |     3 |     8 |    35 |    20 ||    66
         Iskenderun's Myst |       |     7 |    10 |       ||    17
         Tukima's Dance    |       |       |     4 |       ||     4
         Stone Arrow       |       |       |     2 |       ||     2
         Confuse           |       |       |     1 |     2 ||     3
         Magic Dart        |       |       |       |   125 ||   125
         Stone Arrow       |       |       |       |   200 ||   200
         Searing Ray       |       |       |       |     4 ||     4
         Ensorcelled Hiber |       |       |       |     2 ||     2
         Tukima's Dance    |       |       |       |     3 ||     3
         Borgnjor's Vile C |       |       |       |     3 ||     3
    Use: Scroll            |       |       |    10 |     1 ||    11
         Potion            |       |       |     4 |       ||     4
         Scroll            |       |       |       |    10 ||    10
         Potion            |       |       |       |     3 ||     3
    Eat: Removed food      |     1 |     6 |    12 |     3 ||    22
         Removed food      |       |     1 |       |       ||     1
         Removed food      |       |       |     1 |       ||     1
 Armour: Ring mail         |       |       |       |   111 ||   111
  Dodge: Dodged            |       |       |       |    69 ||    69

Table legend: (Time is in decaauts)
 A = Elapsed time spent in this place.
 B = Non-inter-level travel time spent in this place.
 C = Inter-level travel time spent in this place.
 D = Time resting spent in this place.
 E = Time spent auto-exploring this place.
 F = Levels seen in this place.
 G = Mean time per level.
                   A        B        C        D        E       F      G
               +--------+--------+--------+--------+--------+-----+--------+
         Total |   7610 |   7321 |    289 |    114 |   4802 |  15 |  507.3 |
       Dungeon |   5339 |   5064 |    275 |    114 |   2912 |  11 |  485.4 |
        Temple |     45 |     45 |      0 |      0 |     12 |   1 |   45.0 |
          Lair |   1696 |   1683 |     13 |      0 |   1500 |   2 |  848.0 |
      Ice Cave |    529 |    529 |      0 |      0 |    378 |   1 |  529.0 |
               +--------+--------+--------+--------+--------+-----+--------+

Top non-repeatable levels by time:
    D:10: 1532 daAuts
  Lair:1: 1363 daAuts
    D:11: 1024 daAuts
     D:9: 592 daAuts
   IceCv: 529 daAuts
  Lair:2: 332 daAuts
Note: time per level data comes from an upgraded game and may be incomplete.
